 Dungeon Crawl Stone Soup version 0.31-a0-466-g98c9adc2b6 (webtiles) character file.

Game seed: 6593269734585876427

66 RepHenryClay the Grave Robber (level 3, -6/19 HPs)
             Began as a Deep Elf Necromancer on Aug 5, 2023.
             Mangled by a gnoll
             ... wielding a +0 halberd
              (8 damage)
             ... on level 3 of the Dungeon.
             The game lasted 00:02:49 (2211 turns).

RepHenryClay the Grave Robber (DENe)                Turns: 2211, Time: 00:02:50

Health: -6/19      AC:  5    Str:  5    XL:     3   Next: 96%
Magic:  10/10      EV: 13    Int: 21    God:
Gold:   146        SH:  0    Dex: 15    Spells: 5/9 levels left

rFire   . . .        (no weapon)
rCold   + . .        (no shield)
rNeg    . . .        a - +0 robe
rPois   .            (no helmet)
rElec   .            c - +2 cloak
rCorr   .            (no gloves)
SInv    .            (no boots)
Will    .....        (no amulet)
Stlth   ++           f - ring of protection from cold
HPRegen 0.23/turn    (no ring)
MPRegen 0.12/turn

%: no passive effects
@: about to teleport, attractive, invisible
A: no striking features
a: no special abilities


You were on level 3 of the Dungeon.
You visited 1 branch of the dungeon, and saw 3 of its levels.

You collected 146 gold pieces.

Inventory:

Armour
 a - a +0 robe (worn)
 c - a +2 cloak (worn)
Jewellery
 f - a ring of protection from cold (left hand)
Scrolls
 g - a scroll of enchant armour
 j - a scroll of noise {unknown}
 k - a scroll of amnesia {unknown}
Potions
 b - a potion of magic
 e - 4 potions of curing
 i - a potion of attraction


   Skills:
 - Level 3.1 Dodging
 - Level 3.2 Stealth
 - Level 3.7 Spellcasting
 + Level 5.7 Necromancy


You had 5 spell levels left.
You knew the following spells:

 Your Spells              Type           Power      Damage    Failure   Level
a - Necrotise             Necr           100%       1d9       1%          1
b - Vampiric Draining     Necr           27%        2d7       3%          3

Your spell library contained the following spells:

 Spells                   Type           Power      Damage    Failure   Level
 Animate Dead             Necr           27%        N/A       12%         4
 Agony                    Necr           27%        N/A       32%         5


Dungeon Overview and Level Annotations

Branches:
Dungeon (3/15)

Altars:
Yredelemnul

Annotations:
D:3 Grinder


Message History

An orc priest comes into view. It is wielding a +0 whip.
A gnoll comes into view. It is wielding a +0 halberd.
A gnoll comes into view. It is wielding a +0 halberd.
You can move again.
Unknown command.
As you read the scroll labelled TUADUNG ZEKH, it crumbles to dust.
It is a scroll of identify.
g - a scroll of enchant armour The gnoll shouts! x2
The orc priest calls down the wrath of Beogh upon you.
Beogh smites you!
Ouch! That really hurt!
* * * LOW HITPOINT WARNING * * *
Huge Dmg: -73%(-14hp) hp: 27%(5hp)
Okay, then.
It was a potion of curing.
You feel better.
An orc comes into view. It is wielding a +0 hand axe.
The orc hits you but does no damage.
Grinder blinks!
It was a potion of attraction.
You feel attractive to monsters. The orc hits you but does no damage.
The gnoll is attracted toward you. x2
The orc priest is attracted toward you. The gnoll is attracted toward you.
The orc is attracted toward you. Grinder is attracted toward you.
It was a potion of invisibility.
You fade into invisibility!
The orc priest mumbles some strange prayers to Beogh against you.
The orc writhes in agony!
The orc dies!
The gnoll misses you. Grinder gestures at you.
The orc priest suddenly stops moving!
The gnoll is attracted toward you. x2
Grinder is attracted toward you.
As you read the scroll labelled ZEUL UKOYCAOREI, it crumbles to dust.
You feel strangely unstable.
It was a scroll of teleportation.
The orc hits you but does no damage. The gnoll hits you with a +0 halberd!
Ouch! That really hurt!
* * * LOW HITPOINT WARNING * * *
The gnoll closely misses you.
The gnoll hits you from afar with a +0 halberd!
You die...

#)###.### #.#.....
#.#.#.#####
#.........#
###.#.###.# .
##...## ...
##.....## ###§?§.
##.......####oo5...#
#...........@go...[#
#.....(.....ggg....#
#.........####§§...#
##[......## .§...#
##.....## #§...
##...## .g.. #####
... ##


You could see Grinder (unable to see you), an orc priest (wandering, paralysed),
4 gnolls and 2 orcs.

Vanquished Creatures
  4 worms
  2 dart slugs
  3 orcs (D:3)
  2 ball pythons
  4 endoplasms
  6 hobgoblins
  5 jackals
  2 kobolds
  7 bats
  4 goblins
  3 rats
42 creatures vanquished.

Vanquished Creatures (others)
  An orc (D:3)
1 creature vanquished.

Grand Total: 43 creatures vanquished

Notes
Turn   | Place    | Note
-------+----------+-------------------------------------------
     0 | D:1      | RepHenryClay the Deep Elf Necromancer began the quest for
                  | the Orb.
     0 | D:1      | Reached XP level 1. HP: 10/10 MP: 6/6
   302 | D:1      | Found a faded altar of an unknown god.
   309 | D:1      | Reached skill level 5 in Necromancy
   309 | D:1      | Reached XP level 2. HP: 15/15 MP: 5/8
  1123 | D:2      | Found a basalt altar of Yredelemnul.
  1144 | D:2      | Reached XP level 3. HP: 19/19 MP: 6/10
  2086 | D:2      | Learned a level 3 spell: Vampiric Draining
  2202 | D:3      | Noticed Grinder
  2204 | D:3      | Paralysed by Grinder for 3 turns
  2211 | D:3      | Mangled by a gnoll

Illustrated notes

Levels and vault maps discovered:
D:1:      noname_arrival_rooms_in_the_neighbourhood, layout_basic,
          ebering_ecumenical_altar_mist
D:2:      layout_basic, basic_altar
D:3:      layout_loops_ring, mainiacjoe_overflow_alcove_2, uniq_grinder

Skill      XL: |  1  2 |
---------------+-------+-----
Necromancy     | 5 |  5.7
Stealth        | 3 |  3.2
Dodging        | 3 |  3.1
Spellcasting   | |  3.7

Action                     || total
---------------------------++-------
  Melee: Unarmed           ||     1
   Cast: Necrotise         ||    90
    Use: Potion            ||     3
         Scroll            ||     2
 Armour: Robe              ||    13
  Dodge: Dodged            ||    23

Table legend: (Time is in decaauts)
 A = Elapsed time spent in this place.
 B = Non-inter-level travel time spent in this place.
 C = Inter-level travel time spent in this place.
 D = Time resting spent in this place.
 E = Time spent auto-exploring this place.
 F = Levels seen in this place.
 G = Mean time per level.
                   A        B        C        D        E       F      G
               +--------+--------+--------+--------+--------+-----+--------+
         Total |   2211 |   2134 |     77 |     31 |   1811 |   3 |  737.0 |
       Dungeon |   2211 |   2134 |     77 |     31 |   1811 |   3 |  737.0 |
               +--------+--------+--------+--------+--------+-----+--------+

Top non-repeatable levels by time:
     D:1: 1011 daAuts
     D:2: 986 daAuts
     D:3: 213 daAuts
